Map: Ulrena

Players

MorN

  • Race: Terran Terran
  • League: Gold

Arbiter - Winner!

  • Race: Protoss Protoss
  • League: Platinum

VOD

Have the link to the VOD?

Description

Time

  • Played on: Nov. 9, 2015, 8:32 p.m.
  • Length: 4:55
Show
View Real Time Build Order
Export as new Build Order

MorN Terran 

Build Orders: Command Center First (CC) 

Get SALT Encoding   

  12  0:00  SCV  
  13  0:13  SCV  
  14  0:18  Supply Depot  
  14  0:25  SCV  
  15  0:39  SCV  
  16  1:02  Command Center  
  16  1:03  SCV  
  17  1:15  Barracks  
  17  1:19  SCV  
  18  1:30  Barracks  
  18  1:34  SCV  
  19  1:44  Barracks  
  19  1:50  SCV  
  20  2:00  Supply Depot  
  20  2:03  Refinery  
  20  2:05  Marine  
  21  2:20  Orbital Command  
  21  2:24  Marine x2  
  23  2:34  Orbital Command  
  22  2:37  Marine  
  22  2:44  Marine x2  
  23  2:49  SCV  
  26  2:55  Barracks Reactor  
  26  3:02  SCV  
  26  3:14  SCV  
  26  3:15  Barracks Tech Lab  
  26  3:17  Marine  
  28  3:32  SCV  
  29  3:40  Marine x4  
  33  3:49  Orbital Command  
  33  3:51  SCV  
  33  3:52  Refinery  
  33  3:53  Barracks  
  33  3:54  Barracks  
  33  3:59  Marauder  
  35  4:06  Barracks Tech Lab  
  35  4:12  Supply Depot, Marine x2  
  28  4:37  Marine x2  
  34  4:39  SCV x2  
  34  4:41  Factory  
Show
View Real Time Build Order
Export as new Build Order

Arbiter Protoss - Winner!

Build Orders:  

Get SALT Encoding   

  12  0:00  Probe (Chrono Boost)  
  13  0:11  Probe (Chrono Boost)  
  14  0:20  Pylon  
  14  0:22  Probe (Chrono Boost)  
  15  0:38  Probe (Chrono Boost), Gateway  
  16  0:49  Probe (Chrono Boost)  
  17  0:50  Assimilator  
  17  0:59  Probe (Chrono Boost)  
  17  1:00  Pylon  
  18  1:10  Probe (Chrono Boost)  
  19  1:20  Probe (Chrono Boost)  
  19  1:25  Cybernetics Core, Pylon  
  20  1:29  Zealot (Chrono Boost)  
  22  1:33  Probe  
  23  1:45  Probe  
  24  1:50  Gateway  
  24  1:58  Gateway  
  24  2:03  Mothership Core  
  26  2:09  Warp Gate (Chrono Boost)  
  26  2:17  Gateway  
  26  2:24  Pylon  
  26  2:40  Stalker  
  26  2:43  Zealot  
  30  2:45  Stalker  
  32  2:54  Forge  
  30  3:18  Pylon  
  30  3:32  Photon Cannon  
  30  3:41  Pylon  
  30  3:53  Pylon  
  29  3:59  Stalker x4  
  31  4:33  Stalker  
  31  4:34  Zealot  
  31  4:35  Zealot x2  
  37  4:43  Gateway  
  37  4:46  Pylon  
Tags
 
Add a new tag
Caveats
  • Supply blocks, unpowered buildings, or Contaminate may cause inaccurate times.
  • Supply counts are checked every 10 seconds.